 Dungeon Crawl Stone Soup version 0.26-a0-690-gcb57259078 (webtiles) character file.

Game seed: 5173489878419118879

2534 ringo67 the Spear-Bearer (level 9, -15/71 HPs)
             Began as a Merfolk Gladiator on Oct 23, 2020.
             Was a Follower of Ashenzari.
             Demolished by a cyclops (19 damage)
             ... on level 9 of the Dungeon.
             The game lasted 00:15:37 (10715 turns).

ringo67 the Spear-Bearer (Merfolk Gladiator)       Turns: 10715, Time: 00:15:37

Health: -15/71     AC: 13    Str: 18 (19) XL:     9   Next: 55%
Magic:  9/9        EV:  6    Int:  6 (8)  God:    Ashenzari [*.....]
Gold:   537        SH:  9    Dex: 12 (15) Spells: 8/8 levels left

rFire    . . .     SeeInvis .   K - +1 trident (holy)
rCold    . . .     Faith    .   w - +0 kite shield
rNeg     . . .     Spirit   .   B - +0 plate armour
rPois    .         Reflect  .   c - +0 helmet (curse)
rElec    .         Harm     .   (no cloak)
rCorr    .         Rampage  .   (no gloves)
MR       .....                  A - +0 pair of boots of Gabav {+Blink Str+2} (curse)
Stlth    ..........             (no amulet)
HPRegen  0.21/turn              (no ring)
MPRegen  0.11/turn              (no ring)

@: about to teleport
A: change form in water, swift swim, stealthy swim
a: Curse Item, Scrying, Renounce Religion, Evoke Blink


You were on level 9 of the Dungeon.
You worshipped Ashenzari.
Ashenzari was aware of your devotion.
You visited 2 branches of the dungeon, and saw 10 of its levels.
You also visited: Sewer.

You collected 537 gold pieces.

Inventory:

Hand Weapons
 K - a +1 trident of holy wrath (weapon)
Missiles
 h - 78 poisoned darts (quivered)
Armour
 c - a cursed +0 helmet (worn)
 w - a +0 kite shield (worn)
 A - the cursed +0 pair of boots of Gabav (worn) {+Blink Str+2}
   (You found it on level 4 of the Dungeon)

   It affects your strength (+2).
   It lets you blink.
   It has a curse placed upon it.
 B - a +0 plate armour (worn)
 C - a +2 helmet
Wands
 i - a wand of random effects (35)
Scrolls
 e - 2 scrolls of enchant armour {unknown}
 g - 2 scrolls of teleportation
 j - 3 scrolls of amnesia
 l - a scroll of immolation {unknown}
 n - 3 scrolls of magic mapping
 p - a scroll of enchant weapon {unknown}
 t - 2 scrolls of fog {unknown}
 u - 3 scrolls of fear {unknown}
 y - a scroll of random uselessness {unknown}
 E - 3 scrolls of identify {unknown}
 G - a scroll of summoning {unknown}
 H - a scroll of remove curse
 I - a scroll of brand weapon {unknown}
Potions
 b - a potion of invisibility {unknown}
 f - 4 potions of degeneration
 k - 3 potions of lignification {unknown}
 m - 6 potions of curing
 o - a potion of mutation {unknown}
 q - a potion of stabbing {unknown}
 r - 3 potions of brilliance {unknown}
 s - a potion of magic {unknown}
 v - 2 potions of might {unknown}
 x - 2 potions of cancellation {unknown}
 z - a potion of berserk rage {unknown}
 D - 6 potions of heal wounds {unknown}
 F - a potion of resistance {unknown}
 J - a potion of ambrosia {unknown}


   Skills:
 + Level 6.5 Fighting
 * Level 11.9 Polearms
 - Level 2.0 Throwing
 - Level 2.5 Armour
 + Level 8.4 Dodging
 + Level 4.0 Shields


You had 8 spell levels left.
You didn't know any spells.
Your spell library contained the following spells:

 Spells                   Type           Power        Failure   Level
 Corona                   Hex            #......      100%        1
 Sandblast                Erth           #.....       100%        1
 Ensorcelled Hibernation  Hex/Ice        #.....       100%        2
 Confusing Touch          Hex            #.......     100%        3
 Dazzling Flash           Conj/Hex       #.....       100%        3
 Tukima's Dance           Hex            #.......     100%        3


Dungeon Overview and Level Annotations

Branches:
Dungeon (9/15)             Temple (1/1) D:4           Sewer (visited)
   Lair: D:8-11         Orc: D:9-12

Altars:
Ashenzari
Cheibriados
Dithmenos
Elyvilon
Fedhas
Gozag
Hepliaklqana
Kikubaaqudgha
Makhleb
Nemelex Xobeh
Okawaru
Qazlal
Ru
Sif Muna
Trog
Uskayaw
Vehumet
Wu Jian
Xom
Yredelemnul
Zin
The Shining One


Message History

Throwing (i - inventory. (/) - cycle)
d - a throwing net (quivered)
Press: ? - help, Shift-Dir - straight line, f/p - cyclops
Aim: a cyclops, quivering 4 large rocks (immune to nets)
You throw a throwing net. The throwing net hits the cyclops.
The cyclops is too large for the net to hold!
It was a potion of curing.
You feel better. You block the cyclops's attack.
It was a potion of degeneration.
There was something very wrong with that liquid.
You feel weakened.
You feel dopey.
You feel clumsy. The cyclops barely misses you.
You are too injured to fight recklessly!
You are too injured to fight recklessly!
You hit the cyclops but do no damage.
As you read the scroll of teleportation, it crumbles to dust.
You feel strangely unstable. The cyclops hits you!!
* * * LOW HITPOINT WARNING * * *
You hit the cyclops.
The cyclops is lightly wounded.
The cyclops hits you!!
You die...

.........########
................#
................#
...........######
########....#
#......#....#
#......'...##
#......C...#
#.....@#...#
########...#
...... .......
...>.... ..C....


You could see a cyclops.

Vanquished Creatures
  A wyvern (D:8)
  Duvessa (D:7)
  A water moccasin (D:7)
  An ice beast (D:7)
  3 ogres
  2 centaurs
  3 bullfrogs
  A gnoll sergeant (D:9)
  Dowan (D:7)
  4 wights (D:7)
  6 howler monkeys (D:7)
  2 quasits (D:7)
  2 jellies
  4 orc wizards
  6 orc priests
  3 bullfrog skeletons
  A centaur skeleton (D:4)
  2 iguanas
  4 worker ants
  A worker ant zombie (D:8)
  7 adders
  3 gnolls (D:9)
  2 river rats (Sewer)
  A shadow imp (D:8)
  3 white imps
  An ufetubus (D:6)
  An ooze (D:3)
  A worm (D:5)
  A dart slug (D:2)
  11 leopard geckos
  19 orcs
  10 bats
  10 giant cockroaches
  12 goblins
  4 hobgoblins
  6 jackals
  4 quokkas
  4 ball pythons (Sewer)
  7 frilled lizards
  5 kobolds
  4 rats
165 creatures vanquished.

Vanquished Creatures (others)
  3 plants (D:2)
3 creatures vanquished.

Grand Total: 168 creatures vanquished

Notes
Turn   | Place    | Note
-------+----------+-------------------------------------------
     0 | D:1      | ringo67 the Merfolk Gladiator began the quest for the Orb.
     0 | D:1      | Reached XP level 1. HP: 16/16 MP: 1/1
   175 | D:1      | Reached XP level 2. HP: 23/23 MP: 2/2
   724 | D:2      | Reached skill level 5 in Polearms
   901 | D:2      | Reached XP level 3. HP: 28/28 MP: 3/3
  1609 | D:2      | Found a glowing golden altar of the Shining One.
  1728 | D:2      | Reached XP level 4. HP: 34/34 MP: 4/4
  2328 | D:3      | Reached skill level 1 in Armour
  2332 | D:3      | Found a glowing drain.
  2369 | Sewer    | Entered a sewer
  2453 | Sewer    | Reached skill level 6 in Polearms
  2797 | Sewer    | Reached XP level 5. HP: 39/41 MP: 5/5
  2987 | D:3      | Found a stormy altar of Qazlal.
  3076 | D:3      | Noticed an ogre
  3097 | D:3      | Killed an ogre
  3097 | D:3      | Reached skill level 5 in Dodging
  3465 | D:3      | Reached XP level 6. HP: 47/47 MP: 6/6
  3647 | D:3      | Found a shimmering blue altar of Sif Muna.
  3708 | D:3      | Found a shimmering blue altar of Sif Muna.
  3738 | D:3      | Reached skill level 7 in Polearms
  4300 | D:3      | Identified Sif Muna's Guide on Clay
  4797 | D:4      | Found a staircase to the Ecumenical Temple.
  4810 | Temple   | Entered the Ecumenical Temple
  4929 | Temple   | Became a worshipper of Ashenzari the Shackled
  5083 | D:4      | Reached XP level 7. HP: 21/54 MP: 7/7
  5777 | D:4      | Got the uncursed pair of boots of Gabav {+Blink Str+2}
  5783 | D:4      | Identified the +0 pair of boots of Gabav {+Blink Str+2}
                  | (You found it on level 4 of the Dungeon)
  5971 | D:5      | Entered Level 5 of the Dungeon
  5976 | D:5      | Reached skill level 8 in Polearms
  6380 | D:5      | Found a glowing silver altar of Zin.
  6669 | D:5      | Reached * piety under Ashenzari
  7728 | D:7      | Noticed Duvessa
  7748 | D:7      | Killed Duvessa
  7748 | D:7      | Reached skill level 9 in Polearms
  7748 | D:7      | Reached skill level 1 in Shields
  7748 | D:7      | Reached XP level 8. HP: 56/61 MP: 8/8
  7749 | D:7      | Noticed Dowan
  7759 | D:7      | Killed Dowan
  7797 | D:7      | Reached skill level 5 in Fighting
  8018 | D:7      | Reached skill level 10 in Polearms
  8787 | D:7      | Reached XP level 9. HP: 68/69 MP: 9/9
  9069 | D:7      | Reached skill level 11 in Polearms
  9423 | D:7      | Found an ornate altar of the Wu Jian Council.
  9423 | D:7      | Found a shadowy altar of Dithmenos.
 10428 | D:8      | Found a white marble altar of Elyvilon.
 10697 | D:9      | Noticed a cyclops
 10715 | D:9      | Demolished by a cyclops

Illustrated notes

Levels and vault maps discovered:
D:1:      enne_arrival_octagon_isle, layout_basic
D:2:      layout_basic, tso_metal_star, serial_forest,
          infiniplex_forest_diagonal, infiniplex_forest_clump_C,
          infiniplex_forest_end_2, infiniplex_forest_lined_corner,
          infiniplex_forest_corner_1, infiniplex_forest_corner_1,
          infiniplex_forest_end_1, infiniplex_forest_lined_2,
          chequers_serial_rivers_small_b, grunt_decor_mini_mirrors,
          minmay_misc_feat_doors
D:3:      layout_loops_corners, old_standard_altar,
          nicolae_qazlal_general_emergency, gup_sewer_entry_pipe, led_sif_book
D:4:      layout_layer_cave, temple_fountains
D:5:      layout_basic, zin_academy
D:6:      layout_loops_ring, corexii_hall_statues_u
D:7:      layout_loops_cross, gammafunk_temple_overflow_wave, uniq_duvessa
D:8:      layout_loops_ring, lemuel_coloured_pillars_altar
D:9:      layout_irregular_city, serial_glass, glass_columns_a, glass_columns_b,
          glass_columns_a, glass_columns_a, glass_columns_a, glass_columns_b,
          glass_columns_a, glass_columns_a, serial_shops, nicolae_shop_crystal,
          st_stairs_14, minmay_stone_trees_medium, kennysheep_windowed_goal,
          uniq_erolcha, uniq_prince_ribbit1
Temple:   regret_index_temple_waves

Skill      XL: |  1  2  3  4  5  6  7  8  9 |
---------------+----------------------------+-----
Polearms       | 5 6 7 9 10 11 | 11.9
Armour         | 1 2 |  2.5
Fighting       | 3 4 5 6 |  6.5
Dodging        | 5 6 7 8 |  8.4
Shields        | 1 3 4 |  4.0
Throwing       | |  2.0

Action                   |  1- 3 |  4- 6 |  7- 9 || total
-------------------------+-------+-------+-------++-------
Melee: Trident           |   107 |   227 |   488 ||   822
       Tailslap          |       |     4 |       ||     4
Throw: Dart              |       |     7 |    18 ||    25
       Throwing net      |       |     1 |     3 ||     4
Invok: Curse Item        |       |     1 |     1 ||     2
  Use: Scroll            |       |     4 |     1 ||     5
       Potion            |       |       |     2 ||     2
 Stab: Sleeping          |     2 |       |       ||     2
Armor: Leather armour    |     9 |       |       ||     9
       Scale mail        |    17 |    62 |     7 ||    86
       Plate armour      |       |       |   188 ||   188
Dodge: Dodged            |    54 |    84 |    84 ||   222
Block: Kite shield       |       |    26 |   152 ||   178

Table legend: (Time is in decaauts)
 A = Elapsed time spent in this place.
 B = Non-inter-level travel time spent in this place.
 C = Inter-level travel time spent in this place.
 D = Time resting spent in this place.
 E = Time spent auto-exploring this place.
 F = Levels seen in this place.
 G = Mean time per level.
                   A        B        C        D        E       F      G
               +--------+--------+--------+--------+--------+-----+--------+
         Total |  10618 |  10340 |    278 |   2640 |   5894 |  11 |  965.3 |
       Dungeon |   9992 |   9745 |    247 |   2577 |   5543 |   9 | 1110.2 |
        Temple |    151 |    120 |     31 |      0 |     85 |   1 |  151.0 |
         Sewer |    474 |    474 |      0 |     62 |    265 |   1 |  474.0 |
               +--------+--------+--------+--------+--------+-----+--------+

Top non-repeatable levels by time:
     D:3: 1961 daAuts
     D:7: 1777 daAuts
     D:2: 1430 daAuts
     D:4: 1203 daAuts
     D:8: 1085 daAuts
     D:5: 943 daAuts
     D:6: 788 daAuts
     D:1: 706 daAuts
   Sewer: 474 daAuts
  Temple: 151 daAuts
     D:9: 95 daAuts
